 Dungeon Crawl Stone Soup version 0.29.1 (webtiles) character file.

Game seed: 9043637197282926263

66 nickcage the Cudgeller (level 3, 0/30 HPs)
             Began as a Minotaur Gladiator on Sept 12, 2022.
             Slain by Terence
             ... wielding a +0 morningstar
              (10 damage)
             ... on level 2 of the Dungeon.
             The game lasted 00:03:05 (1645 turns).

nickcage the Cudgeller (Minotaur Gladiator)         Turns: 1645, Time: 00:03:06

Health: 0/30       AC: 10    Str: 20    XL:     3   Next: 96%
Magic:  2/2        EV:  6    Int:  5    God:
Gold:   58         SH:  0    Dex: 11    Spells: 2/2 levels left

rFire   . . .      SeeInvis .   a - +0 flail
rCold   . . .      Faith    .   (no shield)
rNeg    . . .      Spirit   .   k - +0 plate armour
rPois   .          Reflect  .   c - +0 hat
rElec   .          Harm     .   (no cloak)
rCorr   .          Rampage  .   (no gloves)
Will    .....                   (no boots)
Stlth   ..........              (no amulet)
HPRegen 0.10/turn               (no ring)
MPRegen 0.08/turn               (no ring)

@: no status effects
A: horns 2, retaliatory headbutt
a: no special abilities


You were on level 2 of the Dungeon.
You visited 1 branch of the dungeon, and saw 2 of its levels.

You collected 58 gold pieces.

Inventory:

Hand Weapons
 a - a +0 flail (weapon)
Missiles
 d - 2 throwing nets (quivered)
Armour
 b - a +0 leather armour
 c - a +0 hat (worn)
 k - a +0 plate armour (worn)
Jewellery
 j - a ring of positive energy
Wands
 o - a wand of paralysis (8)
Scrolls
 h - a scroll of torment {unknown}
 l - 5 scrolls of identify {unknown}
 n - 2 scrolls of enchant weapon {unknown}
 p - a scroll of amnesia {unknown}
 r - a scroll of teleportation {unknown}
Potions
 f - a potion of mutation {unknown}
 g - 4 potions of curing {unknown}
 i - a potion of heal wounds {unknown}
 m - a potion of attraction {unknown}
 q - a potion of lignification {unknown}
 s - a potion of degeneration {unknown}


   Skills:
 - Level 2.4 Fighting
 + Level 5.9 Maces & Flails
 - Level 2.0 Throwing
 - Level 3.2 Dodging


You had 2 spell levels left.
You didn't know any spells.
Your spell library contained the following spells:

 Spells                   Type           Power      Damage    Failure   Level
 Magic Dart               Conj           0%         1d3       100%        1
 Searing Ray              Conj           0%         2d4       100%        2
 Animate Dead             Necr           0%         N/A       100%        4
 Fulminant Prism          Conj/Hex       0%         3d6       100%        4
 Borgnjor's Vile Clutch   Necr/Erth      0%         N/A       100%        5
 Death Channel            Necr           0%         N/A       100%        6


Dungeon Overview and Level Annotations

Branches:
Dungeon (2/15)

Altars:

Annotations:
D:2 Jessica, Terence


Innate Abilities, Weirdness & Mutations

You have a pair of horns on your head.
You reflexively headbutt those who attack you in melee.


Message History

Terence the Incautious comes into view.
He is wielding a +0 morningstar.
Terence shouts!
An adder comes into view.
Jessica the Apprentice Sorceress comes into view.
She is wielding a +0 club.
Okay, then.
You throw a javelin.
The javelin pierces through Terence but does no damage.
Terence drinks a potion.
Terence flickers and vanishes!
Deactivating autopickup; reactivate with Ctrl-A.
Throw: 3 throwing nets
Press: ? - help, Q - select action, (/) - cycle Shift-Dir - straight line You throw a throwing net.
Something gets caught in the net!
Something wriggles in the net.
Something wriggles in the net.
Jessica gestures wildly while chanting.
Jessica seems to speed up.
Something wriggles in the net.
You hit something but do no damage.
Jessica casts a spell.
Jessica blinks!
Something wriggles in the net.
You hit something but do no damage. Jessica hits you but does no damage.
Jessica mumbles some strange words.
Jessica blinks!
Something wriggles in the net.
All of a sudden the net rips apart!
You miss something.
Jessica gestures wildly.
Jessica mumbles some strange words.
Jessica blinks!
Something hits you!
You closely miss something. Something hits you but does no damage.
You closely miss something. You headbutt something.
Something hits you but does no damage.
You closely miss something. Something hits you but does no damage.
You miss something. Something hits you.
You sock something! Something hits you. Jessica hits you but does no damage.
Something hits you but does no damage.
You closely miss something. Jessica hits you but does no damage.
Jessica mumbles something strange.
Jessica casts a spell.
Jessica blinks!
Something hits you!
You miss something. Something hits you!
You die...

.# #.# .... @.#.# .# ....
.#.##.? #.#. .....#. .#)
..#... #.#..#.#... ......
#.#.##.##.. ..###.
#(#@##.##.# ##.####
#.##{#.##.##.# #......
#....@..#.##.# #..####
####.#..#.##.###..####
###.#..#.....†......#
#.<.#..#.#.#####.##.#
#.####.###..#.#.# #.##.#
#.............#.## #.##.#
#####................##.#
#...........###.########.#
#.##.............. #.#


You could see Jessica (fast).

Vanquished Creatures
  Robin (D:2)
  An adder (D:2)
  2 worms (D:2)
  4 ball pythons
  3 bats
  4 endoplasms (D:2)
  7 goblins
  7 hobgoblins
  3 frilled lizards
  4 kobolds
36 creatures vanquished.

Notes
Turn   | Place    | Note
-------+----------+-------------------------------------------
     0 | D:1      | nickcage the Minotaur Gladiator began the quest for the
                  | Orb.
     0 | D:1      | Reached XP level 1. HP: 18/18 MP: 0/0
   217 | D:1      | Reached skill level 4 in Maces & Flails
   575 | D:1      | Reached XP level 2. HP: 25/25 MP: 1/1
  1123 | D:2      | Reached skill level 5 in Maces & Flails
  1130 | D:2      | Reached XP level 3. HP: 12/30 MP: 2/2
  1323 | D:2      | Found a faded altar of an unknown god.
  1404 | D:2      | Noticed Robin
  1420 | D:2      | Killed Robin
  1626 | D:2      | Noticed Terence
  1627 | D:2      | Noticed Jessica
  1645 | D:2      | Slain by Terence

Illustrated notes

Levels and vault maps discovered:
D:1:      scummos_arrival_simple_fountains, layout_basic, minmay_unequal
D:2:      layout_basic, ebering_ecumenical_altar_rust, serial_shops,
          nicolae_shop_waterfront, uniq_jessica, uniq_robin, uniq_terence

Skill      XL: |  1  2 |
---------------+-------+-----
Maces & Flails | 4 5 |  5.9
Fighting       | |  2.4
Throwing       | |  2.0
Dodging        | |  3.2

Action                   || total
-------------------------++-------
Melee: Flail             ||    94
       Headbutt          ||    11
Throw: Javelin           ||     1
       Throwing net      ||     1
Armor: Leather armour    ||     4
       Plate armour      ||    50
Dodge: Dodged            ||    32
